 Dungeon Crawl Stone Soup version 0.25-a0-591-g2ad0d861f1 (webtiles) character file.

Game seed: 16696328111961271459, levelgen mode: deterministic

2458 kae the Stormcaller (level 9, -1/67 HPs)
             Began as a Tengu Air Elementalist on Mar 13, 2020.
             Slain by Maggie
             ... wielding a +0 glaive
              (9 damage)
             ... on level 6 of the Dungeon.
             The game lasted 00:08:36 (6558 turns).

kae the Stormcaller (Tengu Air Elementalist)        Turns: 6558, Time: 00:08:36

Health: -1/67      AC: 33    Str: 11    XL:     9   Next: 50%
Magic:  0/14       EV:  2    Int: 19    God:
Gold:   235        SH:  0    Dex: 15    Spells: 4/14 levels left

rFire    . . .     SeeInvis .   u - +1 mace (protect)
rCold    . . .     Gourm    .   (no shield)
rNeg     + + +     Faith    .   (armour currently unavailable)
rPois    +         Spirit   .   (helmet currently unavailable)
rElec    .         Reflect  .   (cloak currently unavailable)
rCorr    .         Harm     .   (gloves currently unavailable)
MR       .....     NoTele   +   (boots unavailable)
Stlth    ++........             g - amulet of the acrobat
HPRegen  0.21/turn              j - +3 ring of strength
MPRegen  0.14/turn              i - +2 ring of protection

@: lethally poisoned (-1 -> -5), tree-form, protection aura, mesmerised
A: repulsion field 1, screaming 1, able to fly
a: Fly


You were on level 6 of the Dungeon.
You were hungry.
You were a tree.
You visited 1 branch of the dungeon, and saw 7 of its levels.
You also visited: Ossuary.

You collected 276 gold pieces.
You spent 41 gold pieces at shops.

Inventory:

Hand Weapons
 u - a +1 mace of protection (weapon)
Armour
 a - a +0 robe (melded)
 f - a +1 cloak (melded)
 r - a +2 hat (melded)
Jewellery
 g - an amulet of the acrobat (around neck)
 i - a +2 ring of protection (right branch)
 j - a +3 ring of strength (left branch)
 s - an uncursed ring of protection from fire
Wands
 d - a wand of polymorph (1)
 q - a wand of iceblast (5)
Scrolls
 b - 7 scrolls of remove curse
 e - 2 scrolls of amnesia
 m - 2 scrolls of teleportation
 p - a scroll of enchant weapon
 t - 3 scrolls of blinking
 y - a scroll of fear {unknown}
Potions
 h - 2 potions of brilliance
 k - a potion of magic
 l - 4 potions of haste
 n - 2 potions of flight {unknown}
 o - a potion of heal wounds
 v - a potion of might
 w - 3 potions of curing
 x - a potion of resistance
Comestibles
 c - 5 rations


   Skills:
 - Level 2.1 Dodging
 - Level 2.0 Stealth
 - Level 3.0 Spellcasting
 - Level 3.0 Conjurations
 * Level 15.2 Air Magic


You had 4 spell levels left.
You knew the following spells:

 Your Spells              Type           Power        Failure   Level  Hunger
a - Shock                 Conj/Air       ####         1%          1    None
b - Static Discharge      Conj/Air       #####...     1%          3    ###....
c - Airstrike             Air            ######....   1%          4    ####...
d - Swiftness             Chrm/Air       ####....     1%          2    ##.....

Your spell library contained the following spells:

 Spells                   Type           Power        Failure   Level  Hunger
 Infusion                 Chrm           #...         16%         1    None
 Shroud of Golubria       Chrm/Tloc      #.....       22%         2    ##.....
 Song of Slaying          Chrm           #.......     22%         2    ##.....
 Ozocubu's Armour         Chrm/Ice       #.......     41%         3    ###....
 Spectral Weapon          Hex/Chrm       #.......     41%         3    ###....
 Lightning Bolt           Conj/Air       #####.....   10%         5    ######.


Dungeon Overview and Level Annotations

Branches:
Dungeon (7/15)            Ossuary (visited)
 Temple: D:4-7

Altars:
Cheibriados
Gozag
Hepliaklqana
Okawaru
Wu Jian
Xom
Yredelemnul

Shops:
D:5 *

Portals:
Abyss: D:3

Annotations:
D:3 2 transporters, n0claF's ghost, amateur CeHu
D:5 Sigmund
D:6 Maggie


Innate Abilities, Weirdness & Mutations

((You have a beak for a mouth.))
((You have claws for feet.))
You can fly continuously.
You are surrounded by a mild repulsion field. (EV +2)
((You can translocate small distances at will.))
You occasionally shout uncontrollably at your foes.


Message History

Casting: Static Discharge (safe; 1% risk of failure)
Confirm with . or Enter, or press ? or * to list all spells.
Pikel is struck by an arc of lightning!
Pikel is almost dead.
You are struck by an arc of lightning.
* * * LOW HITPOINT WARNING * * *
The slave is struck by an arc of lightning.
The slave is almost dead.
The lightning grounds out.
The slave is struck by an arc of lightning!
You kill the slave!
That felt strangely unrewarding.
You are struck by an arc of lightning.
* * * LOW HITPOINT WARNING * * *
Pikel is struck by an arc of lightning.
You kill Pikel!
Your Air Magic skill increases to level 15!
The lightning grounds out.
You feel sick.
The water moccasin bites you but does no damage.
Maggie hits you from afar with a +0 glaive!
You die...

..............#
##....#*,*,*,,,*
..............#
##..##*,,,,,,,*
..............## #..#
*,*,*,,,* #..............#
**## *,,,,,*,*
##.............### **,****,*
###.......(.....### *,***,,**
###.............### *,,,,,,,*
***
####......)#S@..###****,,***
..#** #####...♣#.....####.,**
....********########........**
....,,,,,,,,,...pK.........#*
....*,,,*,,,*...#p..#.....##
....,*,*,,,*,*,.S#%#,....##
....,,*,,,*,,,#.,.#,,....#
.,,,,,,,,,,,,.p,p.,,,....#*
,,,,*,,,*,,,*.,.#,,,*.....**
,,,,,*,*,,,*,*..,*,*,......**


You could see Maggie and a water moccasin.

Vanquished Creatures
  Pikel (D:6)
  Edmund (D:5)
  A water moccasin (D:7)
  An ice beast (D:5)
  2 slaves (D:6)
  A phantom (D:6)
  2 ogres
  2 centaurs (D:7)
  A bullfrog (D:6)
  A gnoll sergeant (D:7)
  A water moccasin zombie (Ossuary)
  2 scorpions
  3 electric eels (D:6)
  2 howler monkeys
  2 hounds (D:7)
  2 orc wizards (D:7)
  An orc priest (D:7)
  A bullfrog skeleton (D:6)
  5 iguanas
  4 worker ants
  Ijyb (D:3)
  4 big kobold zombies (Ossuary)
  A hound zombie (D:5)
  2 mummies (Ossuary)
  2 worker ant zombies
  Robin (D:2)
  5 gnolls (D:7)
  6 adders
  2 adder zombies (Ossuary)
  2 worms
  2 dart slugs
  3 leopard geckos
  22 orcs
  5 giant cockroaches
  6 gnoll zombies (Ossuary)
  14 goblins
  11 hobgoblins
  4 quokkas
  2 ball pythons
  7 bats
  2 frilled lizards (D:1)
  3 hobgoblin zombies (Ossuary)
  A jackal zombie (D:5)
  11 kobolds
  4 kobold zombies (Ossuary)
  9 orc zombies (Ossuary)
  9 rats
177 creatures vanquished.

Vanquished Creatures (others)
  A plant (D:6)
1 creature vanquished.

Grand Total: 178 creatures vanquished

Notes
Turn   | Place    | Note
-------+----------+-------------------------------------------
     0 | D:1      | kae the Tengu Air Elementalist began the quest for the Orb.
     0 | D:1      | Reached XP level 1. HP: 10/10 MP: 4/4
   398 | D:1      | Reached XP level 2. HP: 14/15 MP: 4/6
   998 | D:2      | Reached XP level 3. HP: 16/19 MP: 1/7
  1142 | D:2      | Learned a level 3 spell: Static Discharge
  1177 | D:2      | Reached skill level 5 in Air Magic
  1517 | D:2      | Reached XP level 4. HP: 17/24 MP: 0/8
  1681 | D:2      | Noticed Robin
  1685 | D:2      | Killed Robin
  2117 | D:2      | Found a snail-covered altar of Cheibriados.
  2117 | D:2      | Found an opulent altar of Gozag.
  2125 | D:2      | Found an ornate altar of the Wu Jian Council.
  2126 | D:2      | Found a hazy altar of Hepliaklqana.
  2127 | D:2      | Found an iron altar of Okawaru.
  2395 | D:3      | Reached skill level 6 in Air Magic
  2395 | D:3      | Gained mutation: You can fly continuously. [Tengu growth]
  2395 | D:3      | Reached XP level 5. HP: 28/28 MP: 7/10
  2430 | D:3      | Found a transporter.
  2436 | D:3      | Found a one-way gate to the infinite horrors of the Abyss.
  2436 | D:3      | Found a transporter.
  2436 | D:3      | Noticed n0claF's ghost (amateur CeHu)
  2455 | D:3      | Noticed Ijyb
  2681 | D:3      | Killed Ijyb
  3141 | D:3      | You fall into a shaft and drop 3 floors!
  3182 | D:6      | Reached skill level 7 in Air Magic
  3266 | D:5      | Entered Level 5 of the Dungeon
  3272 | D:5      | Reached XP level 6. HP: 32/32 MP: 2/11
  3397 | D:5      | Noticed Sigmund
  3402 | D:5      | Found Tuwnemnoll's Assorted Antiques.
  3416 | D:5      | Reached skill level 8 in Air Magic
  3429 | D:5      | Noticed an ice beast
  3430 | D:5      | Bought an amethyst potion for 19 gold pieces
  3430 | D:5      | Bought a scroll labeled RICVEZA ZYMI for 22 gold pieces
  3434 | D:5      | Noticed Edmund
  3450 | D:5      | Gained mutation: You occasionally shout uncontrollably at
                  | your foes. [potion of mutation]
  3450 | D:5      | Gained mutation: You can translocate small distances at
                  | will. [potion of mutation]
  3450 | D:5      | Gained mutation: You are surrounded by a mild repulsion
                  | field. (EV +2) [potion of mutation]
  3456 | D:5      | Found a shimmering altar of Xom.
  3456 | D:5      | Noticed an angel
  3578 | D:5      | Killed Edmund
  3578 | D:5      | Reached skill level 9 in Air Magic
  3578 | D:5      | Reached XP level 7. HP: 18/36 MP: 1/12
  3857 | D:5      | Reached skill level 10 in Air Magic
  4212 | D:4      | You fall into a shaft and drop 3 floors!
  4341 | D:7      | Found a basalt altar of Yredelemnul.
  4408 | D:7      | Reached skill level 11 in Air Magic
  4417 | D:7      | Reached XP level 8. HP: 18/41 MP: 7/13
  4530 | D:7      | Found a sand-covered staircase.
  4539 | Ossuary  | Entered an ossuary
  4990 | D:7      | Reached skill level 12 in Air Magic
  5640 | D:7      | Reached skill level 13 in Air Magic
  5833 | D:7      | Learned a level 4 spell: Airstrike
  5836 | D:7      | Learned a level 2 spell: Swiftness
  6129 | D:6      | Reached XP level 9. HP: 45/45 MP: 0/14
  6234 | D:6      | Reached skill level 14 in Air Magic
  6515 | D:6      | Noticed Pikel
  6528 | D:6      | Noticed Maggie
  6558 | D:6      | Killed Pikel
  6558 | D:6      | Reached skill level 15 in Air Magic
  6558 | D:6      | Slain by Maggie

Levels and vault maps discovered:
D:1:      onia_arrival_mini_spirals, layout_rooms, chequers_serial_rivers_marsh,
          minmay_circled_x
D:2:      layout_rooms, minitemple, minmay_three_crescents, uniq_robin
D:3:      layout_loops_cross, first_ration, gammafunk_ghost_abyssal_escape,
          uniq_ijyb
D:4:      layout_basic, kennysheep_little_box, elyvilon_altar_5,
          nicolae_overflow_hidden_temple, minmay_temple_entry_overgrown,
          cheibriados_altar_1
D:5:      layout_basic, grunt_temple_overflow_order_and_chaos_1, serial_shops,
          nicolae_shop_stone, uniq_edmund, uniq_sigmund
D:6:      cheibrodos_fzero, layout_cave_pods, serial_glass, glass_columns_a,
          glass_columns_a, glass_columns_b, glass_columns_a, chequers_big_river,
          uniq_pikel, uniq_maggie
D:7:      layout_loops_ring, lemuel_round_altar, enter_ossuary_1,
          hangedman_decor_push

Skill      XL: |  1  2  3  4  5  6  7  8  9 |
---------------+----------------------------+-----
Conjurations   | 2 3 |  3.0
Air Magic      | 5 6 7 9 11 13 15 | 15.2
Spellcasting   | 3 |  3.0
Dodging        | |  2.1
Stealth        | |  2.0

Action                   |  1- 3 |  4- 6 |  7- 9 || total
-------------------------+-------+-------+-------++-------
Melee: Unarmed           |    44 |    19 |       ||    63
       Kick              |     9 |    10 |    64 ||    83
       Peck              |     5 |     4 |    31 ||    40
       Mace              |       |    17 |   207 ||   224
 Cast: Shock             |    75 |   141 |   115 ||   331
       Static Discharge  |       |     2 |    26 ||    28
       Airstrike         |       |       |     7 ||     7
  Use: Scroll            |     3 |    10 |     6 ||    19
       Potion            |       |     2 |     3 ||     5
 Stab: Sleeping          |       |       |     3 ||     3
  Eat: Chunk             |     2 |     7 |    10 ||    19
       Ration            |       |       |     1 ||     1
Armor: Robe              |    20 |    24 |    77 ||   121
       Skin              |       |       |   119 ||   119
Dodge: Dodged            |    57 |    37 |   236 ||   330

Table legend:
 A = Non-vault XP
 B = Vault XP
 C = Vault XP percentage of total XP
 D = Non-vault monster count
 E = Vault monster count
 F = Vault count percentage of total count
                 A         B        C        D         E       F
            +---------+---------+-------+---------+---------+-------
      Total |    2393 |    1119 |  31.9 |     118 |      57 |  32.6
            +---------+---------+-------+---------+---------+-------
        D:1 |      20 |       8 |  28.6 |      14 |       4 |  22.2
        D:2 |      69 |      62 |  47.3 |      19 |      19 |  50.0
        D:3 |      64 |      33 |  34.0 |      23 |       1 |   4.2
        D:4 |      90 |       0 |   0.0 |       9 |       0 |   0.0
        D:5 |     390 |     166 |  29.9 |      10 |       1 |   9.1
        D:6 |     728 |     593 |  44.9 |      16 |       1 |   5.9
        D:7 |    1032 |       0 |   0.0 |      27 |       0 |   0.0
    Ossuary |       0 |     257 | 100.0 |       0 |      31 | 100.0
            +---------+---------+-------+---------+---------+-------
